[Event "ICC tourney 2532 (25 5)"]
[Site "Internet Chess Club"]
[Date "2021.04.24"]
[Round "3"]
[White "S BHARGAVA, YASH:K12-16100156"]
[Black "LAD, DALTON:K12-16754385"]
[Result "1-0"]
[ICCResult "Black resigns"]
[WhiteElo "1772"]
[BlackElo "1137"]
[Opening "French: exchange variation"]
[ECO "C01"]
[NIC "FR.01"]
[Time "15:10:10"]
[PlyCount "134"]
[TimeControl "1500+5"]

1. e4 e6 2. d4 d5 3. exd5 exd5 4. Bf4 Nf6 5. Bd3 Bd6 6. Bg3 O-O 7. Ne2 Re8
8. O-O Ne4 9. Bxd6 Qxd6 10. Nd2 Nc6 11. c3 Bf5 12. Nxe4 dxe4 13. Bc2 Bg6
14. Re1 f5 15. Ng3 Re7 16. f3 exf3 17. Qxf3 Rae8 18. Rxe7 Qxe7 19. Rf1 Qe3+
20. Qxe3 Rxe3 21. Bxf5 Bxf5 22. Rxf5 Re1+ 23. Rf1 Re3 24. Kf2 Re8 25. Rd1
Na5 26. b3 Nc6 27. Rd3 b5 28. Re3 Rd8 29. Re6 Nb8 30. Ne4 h6 31. Re5 a6 32.
Rc5 c6 33. Nd2 g6 34. Nf3 Rd6 35. Re5 Kf7 36. Nd2 Rf6+ 37. Ke2 Nd7 38. Re3
Nb6 39. Ne4 Re6 40. Nc5 Rxe3+ 41. Kxe3 a5 42. Nb7 a4 43. Nd8+ Ke7 44. Nxc6+
Kd6 45. Ne5 Nd5+ 46. Kd2 b4 47. c4 Nc3 48. bxa4 Nxa2 49. a5 b3 50. a6 Kc7
51. a7 Kb7 52. Nxg6 Kxa7 53. d5 b2 54. Kc2 Nb4+ 55. Kxb2 Nd3+ 56. Kc3 Ne1
57. Nf4 h5 58. Nxh5 Nxg2 59. Nf6 Kb6 60. Kd4 Kc7 61. c5 Nf4 62. h4 Kd8 63.
c6 Ng6 64. h5 Nh8 65. h6 Nf7 66. h7 Ke7 67. c7 Nd6 { Black resigns } 1-0

[Event "ICC tourney 2532 (25 5)"]
[Site "Internet Chess Club"]
[Date "2021.04.24"]
[Round "3"]
[White "QIAN, BILL:K12-15206304"]
[Black "M ZHANG, ERIC:K12-14668426"]
[Result "0-1"]
[ICCResult "White checkmated"]
[WhiteElo "1848"]
[BlackElo "2204"]
[Opening "Sicilian: Najdorf"]
[ECO "B90"]
[NIC "SI.14"]
[Time "15:10:47"]
[PlyCount "60"]
[TimeControl "1500+5"]

1. e4 c5 2. Nf3 d6 3. d4 cxd4 4. Nxd4 Nf6 5. Nc3 a6 6. f3 e6 7. Be3 b5 8.
Be2 Nbd7 9. Qd2 Bb7 10. O-O-O b4 11. Na4 d5 12. exd5 Nxd5 13. Bf2 Rc8 14.
Kb1 Qa5 15. b3 Nc5 16. a3 Nxa4 17. bxa4 Nc3+ 18. Ka1 Qxa4 19. Qc1 Nxd1 20.
Bxd1 Qxa3+ 21. Qxa3 bxa3 22. Nb3 Bb4 23. Ka2 O-O 24. Be3 Bd5 25. Bc1 Rfd8
26. Bxa3 Bxa3 27. Kxa3 Bxb3 28. Kxb3 Rb8+ 29. Ka2 Rd5 30. Re1 Ra5# { White
checkmated } 0-1

[Event "ICC tourney 2532 (25 5)"]
[Site "Internet Chess Club"]
[Date "2021.04.24"]
[Round "3"]
[White "AMRAM, ARON:K12-14805835"]
[Black "KUMARAPPAN, GANESH:K12-14920281"]
[Result "0-1"]
[ICCResult "White checkmated"]
[WhiteElo "1093"]
[BlackElo "2004"]
[Opening "Sicilian: Pelikan (Lasker/Sveshnikov) variation"]
[ECO "B23"]
[NIC "SI.35"]
[Time "15:10:10"]
[PlyCount "130"]
[TimeControl "1500+5"]

1. e4 c5 2. Nc3 Nc6 3. Nf3 Nf6 4. d4 cxd4 5. Nxd4 e5 6. Nf5 d6 7. Bg5 Bxf5
8. exf5 Be7 9. Bb5 O-O 10. O-O Nd4 11. Bd3 d5 12. Be3 Nc6 13. Ne2 Qd7 14.
c3 e4 15. Bb5 Qxf5 16. Ng3 Qe6 17. Qd2 Rfd8 18. Rfd1 a6 19. Ba4 Ne5 20. Bc2
Rac8 21. h3 b5 22. Qe2 Nc4 23. Bb3 Nxe3 24. fxe3 Bc5 25. Rf1 g6 26. Rad1
Qb6 27. Rde1 Ne8 28. Nh1 f5 29. Nf2 Kh8 30. Kh1 Ng7 31. a3 Nh5 32. Kg1 Ng3
33. Qd1 Bxe3 34. Rxe3 Nxf1 35. Re1 Ng3 36. Qd2 Nh5 37. g4 Ng7 38. Qf4 d4
39. cxd4 Rxd4 40. Re2 Qd6 41. Qg5 Qg3+ 42. Kf1 Qxb3 43. Qf6 Rc1+ 44. Kg2
Qf3+ 45. Kh2 Rc8 46. Qxd4 Qxe2 47. Kg3 f4+ 48. Kxf4 Rf8+ 49. Kg3 Qf3+ 50.
Kh2 Qxf2+ 51. Qxf2 Rxf2+ 52. Kg3 Rxb2 53. Kf4 Rb3 54. Kxe4 Rxa3 55. Kd5
Rxh3 56. Kc6 Rg3 57. Kb6 Rxg4 58. Kxa6 b4 59. Kb6 Rc4 60. Kb5 Rd4 61. Ka4
Ne6 62. Kb3 Nc5+ 63. Kb2 b3 64. Ka1 Na4 65. Kb1 Rd1# { White checkmated }
0-1

[Event "ICC tourney 2532 (25 5)"]
[Site "Internet Chess Club"]
[Date "2021.04.24"]
[Round "3"]
[White "LJ CHEN, BENJAMIN:K12-14811886"]
[Black "S LALWANI, JAY:K12-14566972"]
[Result "1-0"]
[ICCResult "Black resigns"]
[WhiteElo "2192"]
[BlackElo "1903"]
[Opening "QGD Slav: Breyer variation"]
[ECO "D11"]
[NIC "SL.01"]
[Time "15:10:10"]
[PlyCount "69"]
[TimeControl "1500+5"]

1. d4 d5 2. c4 c6 3. Nf3 Nf6 4. Nbd2 Bf5 5. Nh4 Bg6 6. Qb3 Qc7 7. g3 e6 8.
Bg2 Be7 9. Nxg6 hxg6 10. O-O Nbd7 11. e4 dxe4 12. Nxe4 Rb8 13. Bf4 e5 14.
dxe5 Nxe5 15. Qc3 Nfd7 16. Rad1 f6 17. Rfe1 Kf7 18. c5 g5 19. Nd6+ Bxd6 20.
cxd6 Qd8 21. Be3 a6 22. Ba7 Ra8 23. Qb3+ Kf8 24. Bd4 Rb8 25. Bxe5 Nxe5 26.
f4 gxf4 27. gxf4 Ng6 28. d7 Qa5 29. Qe3 Qd8 30. Qa3+ Ne7 31. Qb4 b5 32. Qd6
Qb6+ 33. Kh1 Qd8 34. Qxb8 Qxb8 35. d8=Q+ { Black resigns } 1-0

[Event "ICC tourney 2532 (25 5)"]
[Site "Internet Chess Club"]
[Date "2021.04.24"]
[Round "3"]
[White "IYER, PRANAV:K12-15164384"]
[Black "BONAM, SAIGAUTAM:K12-14765995"]
[Result "0-1"]
[ICCResult "White resigns"]
[WhiteElo "1859"]
[BlackElo "2193"]
[Opening "English: Caro-Kann defensive system"]
[ECO "A11"]
[NIC "EO.64"]
[Time "15:11:05"]
[PlyCount "62"]
[TimeControl "1500+5"]

1. c4 c6 2. Nc3 d5 3. d4 Nf6 4. g3 e6 5. Bg2 Nbd7 6. Bg5 Be7 7. cxd5 exd5
8. e3 h6 9. Bxf6 Nxf6 10. Nf3 Bf5 11. O-O O-O 12. Ne5 Nd7 13. Qb3 Nxe5 14.
dxe5 Qb6 15. Qxb6 axb6 16. Rfd1 Rfd8 17. a3 f6 18. exf6 Bxf6 19. Rd2 b5 20.
Rad1 Bxc3 21. bxc3 Rxa3 22. e4 Bg6 23. exd5 Rxc3 24. f4 b4 25. dxc6 Rxd2
26. Rxd2 bxc6 27. Rd6 Be8 28. Kf2 Rc2+ 29. Kf1 b3 30. Bh3 b2 31. Bf5 b1=Q+
{ White resigns } 0-1

[Event "ICC tourney 2532 (25 5)"]
[Site "Internet Chess Club"]
[Date "2021.04.24"]
[Round "3"]
[White "RAJARAM, ROHAN:K12-15739716"]
[Black "CLASBY, DEREK:K12-15194211"]
[Result "0-1"]
[ICCResult "White checkmated"]
[WhiteElo "1905"]
[BlackElo "2286"]
[Opening "King's Indian: 3.g3"]
[ECO "E60"]
[NIC "KI.80"]
[Time "15:10:47"]
[PlyCount "86"]
[TimeControl "1500+5"]

1. d4 Nf6 2. c4 g6 3. g3 Bg7 4. Bg2 O-O 5. Nf3 b6 6. O-O Bb7 7. d5 e6 8.
Nc3 exd5 9. cxd5 Re8 10. Re1 Ne4 11. Nxe4 Rxe4 12. d6 Nc6 13. Ng5 Re8 14.
Bd5 Rf8 15. Qb3 Nd4 16. Bxf7+ Kh8 17. Qc4 b5 18. Qd3 Qf6 19. dxc7 Ne6 20.
Qxd7 Nxg5 21. Bxg5 Qxg5 22. Rac1 Qf6 23. Bd5 Qxf2+ 24. Kh1 Bxd5+ 25. Qxd5
Rac8 26. Rf1 Qe3 27. Rxf8+ Bxf8 28. Rc3 Qe7 29. Qc6 Qxe2 30. Qf6+ Kg8 31.
Qf4 Bd6 32. Qf6 Qe4+ 33. Rf3 Qe7 34. Qd4 Qe5 35. Qh4 Rxc7 36. Qd8+ Kg7 37.
Rc3 Qd5+ 38. Kg1 Bc5+ 39. Kf1 Qxd8 40. Rf3 Qd1+ 41. Kg2 Qe2+ 42. Kh3 Qxf3
43. Kh4 Qh5# { White checkmated } 0-1

[Event "ICC tourney 2532 (25 5)"]
[Site "Internet Chess Club"]
[Date "2021.04.24"]
[Round "3"]
[White "LARA, SEBASTIAN:K12-17264378"]
[Black "TRAN, JACEY:K12-15174202"]
[Result "0-1"]
[ICCResult "White checkmated"]
[WhiteElo "585"]
[BlackElo "1538"]
[Opening "Sicilian: Sozin attack"]
[ECO "B86"]
[NIC "SI.19"]
[Time "15:10:10"]
[PlyCount "88"]
[TimeControl "1500+5"]

1. e4 c5 2. Nf3 d6 3. d4 cxd4 4. Nxd4 Nf6 5. Nc3 e6 6. Bc4 Be7 7. O-O O-O
8. Re1 Nbd7 9. Nf3 Qc7 10. Bb3 b6 11. Bf4 e5 12. Bg3 Bb7 13. Qd3 Nc5 14.
Qc4 Ba6 15. Nb5 Qc6 16. a4 Rac8 17. Nxa7 Bxc4 18. Nxc6 Rxc6 19. Bxc4 Ncxe4
20. Bd3 Nxg3 21. hxg3 Ng4 22. c3 Bf6 23. Bb5 Rc5 24. Re4 Nh6 25. Rc4 Rfc8
26. Rxc5 Rxc5 27. Nd2 d5 28. Rc1 Bg5 29. Rc2 d4 30. Ne4 d3 31. Bxd3 Rd5 32.
Bb5 Rd1+ 33. Bf1 Be7 34. Rd2 Ra1 35. Rd7 Kf8 36. Ra7 f6 37. f3 f5 38. Nd2
Bg5 39. Nc4 b5 40. Nxe5 Be3+ 41. Kh2 Bxa7 42. Bxb5 Bg1+ 43. Kh3 Bf2 44. b3
Rh1# { White checkmated } 0-1

[Event "ICC tourney 2532 (25 5)"]
[Site "Internet Chess Club"]
[Date "2021.04.24"]
[Round "3"]
[White "SARTORIO, WILLIAM:K12-14715380"]
[Black "STIG MELLODY, MARCUS:K12-14740377"]
[Result "1/2-1/2"]
[ICCResult "Game drawn by mutual agreement"]
[WhiteElo "2063"]
[BlackElo "1713"]
[Opening "French: Winawer, advance, poisoned pawn variation"]
[ECO "C18"]
[NIC "FR.11"]
[Time "15:10:40"]
[PlyCount "53"]
[TimeControl "1500+5"]

1. e4 e6 2. d4 d5 3. Nc3 Bb4 4. e5 c5 5. a3 Bxc3+ 6. bxc3 Ne7 7. Qg4 O-O 8.
Nf3 Nbc6 9. Bd3 f5 10. exf6 Rxf6 11. Bg5 e5 12. Qg3 Rxf3 13. gxf3 c4 14.
Be2 exd4 15. Bf6 Qf8 16. Bxd4 Nf5 17. Qg5 Be6 18. Rg1 Re8 19. Qf6 Ncxd4 20.
Qxf8+ Rxf8 21. cxd4 Nxd4 22. Kd2 Nxf3+ 23. Bxf3 Rxf3 24. Ke2 Rc3 25. Kd2
Rf3 26. Ke2 Rc3 27. Kd2 { Game drawn by mutual agreement } 1/2-1/2

[Event "ICC tourney 2532 (25 5)"]
[Site "Internet Chess Club"]
[Date "2021.04.24"]
[Round "3"]
[White "PULLABHOTLA, VENKATA:K12-15472194"]
[Black "M LANCMAN, KALEB:K12-15146036"]
[Result "1-0"]
[ICCResult "Black resigns"]
[WhiteElo "2153"]
[BlackElo "1839"]
[Opening "Caro-Kann: two knights variation"]
[ECO "B11"]
[NIC "CK.01"]
[Time "15:09:57"]
[PlyCount "61"]
[TimeControl "1500+5"]

1. e4 c6 2. Nc3 d5 3. Nf3 dxe4 4. Nxe4 Nf6 5. Qe2 Nxe4 6. Qxe4 Nd7 7. Bc4
Nf6 8. Ne5 e6 9. Qe2 Be7 10. O-O O-O 11. c3 c5 12. d4 cxd4 13. Rd1 Qb6 14.
Rxd4 Rd8 15. Be3 Rxd4 16. Bxd4 Bc5 17. Rd1 Bxd4 18. Rxd4 Qc7 19. Qd3 g6 20.
f4 b6 21. g4 Bb7 22. g5 Nh5 23. Rd7 Qc5+ 24. Qd4 Qxd4+ 25. cxd4 Be4 26.
Rxf7 Bf5 27. d5 Nxf4 28. dxe6 Re8 29. Nd7 Nh5 30. Rf8+ Rxf8 31. e7+ { Black
resigns } 1-0

[Event "ICC tourney 2532 (25 5)"]
[Site "Internet Chess Club"]
[Date "2021.04.24"]
[Round "3"]
[White "VELIDANDLA, SARVAGNA:K12-15123300"]
[Black "TAHMASSEBI, BIJAN:K12-14989940"]
[Result "0-1"]
[ICCResult "White checkmated"]
[WhiteElo "1802"]
[BlackElo "2174"]
[Opening "King's Indian: orthodox, Aronin-Taimanov, bayonet attack"]
[ECO "E97"]
[NIC "KI.05"]
[Time "15:10:10"]
[PlyCount "88"]
[TimeControl "1500+5"]

1. d4 Nf6 2. c4 g6 3. Nc3 Bg7 4. e4 d6 5. Nf3 O-O 6. Be2 e5 7. O-O Nc6 8.
d5 Ne7 9. b4 Ne8 10. c5 f5 11. Nd2 f4 12. a4 g5 13. Ba3 Rf7 14. Nc4 Bf8 15.
Bg4 Ng6 16. b5 dxc5 17. Bh5 Bd6 18. Bb2 Nf6 19. Bxg6 hxg6 20. f3 g4 21. Ne2
gxf3 22. gxf3 Bh3 23. Rf2 Nh5 24. Kh1 Qh4 25. Qg1 Qf6 26. Ra3 Rh7 27. a5
Kf7 28. b6 axb6 29. axb6 Rxa3 30. Bxa3 cxb6 31. Nxb6 Be7 32. Qb1 Qh4 33.
Qg1 Qf6 34. Nc4 b5 35. Na5 Qa6 36. Nc6 Qxa3 37. Nxe5+ Kg8 38. Qxg6+ Rg7 39.
Qe8+ Bf8 40. Ng6 Qa1+ 41. Ng1 Qf6 42. Nxf8 Rxg1+ 43. Kxg1 Qa1+ 44. Rf1
Qxf1# { White checkmated } 0-1

[Event "ICC tourney 2532 (25 5)"]
[Site "Internet Chess Club"]
[Date "2021.04.24"]
[Round "3"]
[White "GUPTA, ESHAN:K12-16099390"]
[Black "SHAH GUSTAFSSON, LINNEA:K12-16094078"]
[Result "0-1"]
[ICCResult "White resigns"]
[WhiteElo "1659"]
[BlackElo "1041"]
[Opening "Petrov: classical attack"]
[ECO "C42"]
[NIC "RG.04"]
[Time "15:09:56"]
[PlyCount "130"]
[TimeControl "1500+5"]

1. e4 e5 2. Nf3 Nf6 3. Nxe5 d6 4. Nf3 Nxe4 5. d4 d5 6. Bd3 Bg4 7. h3 Bf5 8.
O-O Be7 9. Nbd2 O-O 10. c3 Nxc3 11. Qc2 Bxd3 12. Qxd3 Ne4 13. Nxe4 dxe4 14.
Qxe4 Nc6 15. Qg4 Bf6 16. Rd1 Qd5 17. Be3 Rfe8 18. Rac1 Qxa2 19. d5 Ne5 20.
Nxe5 Bxe5 21. Bd4 Qxd5 22. Be3 Qe6 23. Qb4 b6 24. Qb5 c5 25. b4 cxb4 26.
Qxb4 Rec8 27. Rb1 Rd8 28. Re1 Rac8 29. Bf4 Bc3 30. Rxe6 Bxb4 31. Re4 Bc5
32. Rbe1 h6 33. Bc1 a5 34. Rg4 Bb4 35. Rf1 Kh7 36. Be3 b5 37. Bd4 f6 38.
Ra1 Ra8 39. Rc1 Rdc8 40. Rd1 Ba3 41. Rd3 Rc1+ 42. Kh2 Bd6+ 43. g3 Bf8 44.
Be3 Rc4 45. Rxc4 bxc4 46. Rc3 Rc8 47. Kg2 a4 48. Bc1 Bb4 49. Rc2 c3 50. Kf1
a3 51. Ke2 Rd8 52. f4 Kg6 53. g4 f5 54. Kf3 h5 55. gxh5+ Kxh5 56. Be3 Rd3
57. Ke2 Rd8 58. Kf3 Kh4 59. Rg2 Bf8 60. Rg5 Rd3 61. Ke2 Rxe3+ 62. Kxe3 a2
63. Rg1 Bc5+ 64. Kd3 Bxg1 65. Kxc3 a1=Q+ { White resigns } 0-1

[Event "ICC tourney 2532 (25 5)"]
[Site "Internet Chess Club"]
[Date "2021.04.24"]
[Round "3"]
[White "PAI, RAHUL:K12-16742108"]
[Black "POLLARD, VAIDEN:K12-14600991"]
[Result "1-0"]
[ICCResult "Black checkmated"]
[WhiteElo "1776"]
[BlackElo "1156"]
[Opening "Sicilian: dragon, Yugoslav attack, 9.Bc4"]
[ECO "B77"]
[NIC "SI.18"]
[Time "15:10:10"]
[PlyCount "55"]
[TimeControl "1500+5"]

1. e4 c5 2. Nf3 Nc6 3. d4 cxd4 4. Nxd4 d6 5. Nc3 Nf6 6. Bc4 g6 7. f3 Bg7 8.
Be3 O-O 9. Qd2 Ne5 10. Bb3 Bd7 11. O-O-O a6 12. h4 h5 13. Bh6 Kh8 14. g4
hxg4 15. h5 Nxh5 16. Rxh5 gxh5 17. Rh1 Ng6 18. Rxh5 Bxd4 19. Qxd4+ Ne5 20.
Bf4+ Kg7 21. Rg5+ Kh7 22. Qg1 Ng6 23. Qh1+ Kg7 24. Rxg6+ fxg6 25. Qh6+ Kf6
26. e5+ dxe5 27. Ne4+ Kf5 28. Qg5# { Black checkmated } 1-0

[Event "ICC tourney 2532 (25 5)"]
[Site "Internet Chess Club"]
[Date "2021.04.24"]
[Round "3"]
[White "ARAI LI, GORDON:K12-14256924"]
[Black "YOGESH MEHTA, HARSHIL:K12-14612857"]
[Result "0-1"]
[ICCResult "White resigns"]
[WhiteElo "2008"]
[BlackElo "1288"]
[Opening "Three knights game"]
[ECO "C46"]
[NIC "KP.06"]
[Time "15:14:22"]
[PlyCount "55"]
[TimeControl "1500+5"]

1. e4 e5 2. Nf3 Nc6 3. Nc3 Bc5 4. Nxe5 Bxf2+ 5. Kxf2 Nxe5 6. d4 Ng6 7. Bc4
Nf6 8. Rf1 O-O 9. e5 Ne8 10. Qh5 d6 11. Bg5 Qd7 12. Rad1 dxe5 13. dxe5 Qf5+
14. Kg1 Qxe5 15. Kh1 Nf6 16. Bxf7+ Rxf7 17. Rd8+ Rf8 18. Rxf8+ Kxf8 19. h4
Kg8 20. Qd1 Bg4 21. Bxf6 Qxf6 22. Rxf6 Bxd1 23. Rxg6 hxg6 24. Nxd1 Rd8 25.
Nc3 Rd2 26. Nb5 Rxc2 27. Nxa7 Rxb2 28. a4 { White resigns } 0-1

[Event "ICC tourney 2532 (25 5)"]
[Site "Internet Chess Club"]
[Date "2021.04.24"]
[Round "3"]
[White "MUKHERJEE, ADITYA:K12-15344130"]
[Black "LEVKOV, DANIEL:K12-14218690"]
[Result "0-1"]
[ICCResult "White resigns"]
[WhiteElo "1434"]
[BlackElo "2159"]
[Opening "Dutch"]
[ECO "A80"]
[NIC "HD.12"]
[Time "15:09:46"]
[PlyCount "56"]
[TimeControl "1500+5"]

1. d4 f5 2. Bf4 Nf6 3. e3 g6 4. Nf3 Bg7 5. Bd3 d6 6. O-O O-O 7. Bc4+ e6 8.
Ng5 Qe7 9. d5 e5 10. Bg3 h6 11. Ne6 Bxe6 12. dxe6 c6 13. Bb3 Na6 14. a3 Nc5
15. Ba2 Kh7 16. c4 Nxe6 17. Re1 Nh5 18. f3 f4 19. Bf2 e4 20. Nd2 exf3 21.
Nxf3 Bxb2 22. Rb1 Bc3 23. Re2 Bg7 24. Bh4 Bf6 25. c5 d5 26. Bf2 Rad8 27.
Qb3 Rd7 28. e4 Nxc5 { White resigns } 0-1

[Event "ICC tourney 2532 (25 5)"]
[Site "Internet Chess Club"]
[Date "2021.04.24"]
[Round "3"]
[White "LU, MAXIMILLIAN:K12-14732597"]
[Black "MARTINEZ, JONATHAN:K12-14701133"]
[Result "1-0"]
[ICCResult "Black resigns"]
[WhiteElo "2430"]
[BlackElo "1945"]
[Opening "English: symmetrical, Botvinnik system"]
[ECO "A36"]
[NIC "EO.30"]
[Time "15:10:10"]
[PlyCount "75"]
[TimeControl "1500+5"]

1. c4 c5 2. Nc3 Nc6 3. g3 g6 4. Bg2 Bg7 5. e4 d6 6. Nge2 e5 7. O-O Nge7 8.
d3 O-O 9. f4 Nd4 10. Nxd4 exd4 11. Nd5 Nxd5 12. cxd5 Bd7 13. f5 Bb5 14. a4
Ba6 15. b3 b5 16. Qf3 f6 17. fxg6 hxg6 18. Bh3 Bc8 19. Bxc8 Qxc8 20. axb5
Qd7 21. Ra6 Qxb5 22. Rxd6 Qxb3 23. Qg4 Qxd3 24. Qxg6 Rf7 25. Bh6 Raf8 26.
Rdxf6 Qxf1+ 27. Rxf1 Rxf1+ 28. Kg2 R1f2+ 29. Kg1 Rf1+ 30. Kg2 R1f2+ 31. Kh3
R8f7 32. e5 Kh8 33. e6 Rb7 34. d6 Bxh6 35. e7 Rb8 36. Qxh6+ Kg8 37. Qg6+
Kh8 38. d7 { Black resigns } 1-0

[Event "ICC tourney 2532 (25 5)"]
[Site "Internet Chess Club"]
[Date "2021.04.24"]
[Round "3"]
[White "NICHOLAS, NASH:K12-14890410"]
[Black "PALLIYATH, YUVRAJ:K12-17213791"]
[Result "0-1"]
[ICCResult "White checkmated"]
[WhiteElo "1426"]
[BlackElo "473"]
[Opening "QGD Slav defense"]
[ECO "D10"]
[NIC "SL.01"]
[Time "15:15:20"]
[PlyCount "118"]
[TimeControl "1500+5"]

1. d4 d5 2. c4 c6 3. Nc3 Nf6 4. Bg5 Bf5 5. Qb3 Qd7 6. cxd5 cxd5 7. Bxf6
exf6 8. Qxd5 Bb4 9. Qxd7+ Nxd7 10. Nf3 O-O 11. e3 Rac8 12. Rc1 Nb6 13. a3
Be7 14. Be2 Na4 15. O-O Nxb2 16. a4 a6 17. Rb1 Bxb1 18. Rxb1 Rxc3 19. Rxb2
a5 20. Rxb7 Bb4 21. g3 Rfc8 22. Bb5 Rc1+ 23. Kg2 g6 24. h4 Rb1 25. Nh2 Rb2
26. Ng4 f5 27. Nh6+ Kg7 28. Nxf7 Rcc2 29. Ne5+ Kf8 30. Nd3 Ra2 31. Rxh7 Ra3
32. Rh6 Kg7 33. Rxg6+ Kxg6 34. d5 Rd2 35. Nf4+ Kf7 36. h5 Rxe3 37. h6 Bc3
38. Ne6 Kg6 39. Kf1 Rd1+ 40. Kg2 Re4 41. Nc5 Re7 42. Kf3 Rxd5 43. Nb3 Kxh6
44. Kf4 Re4+ 45. Kf3 Kg5 46. Bc6 Rd3+ 47. Kg2 Be5 48. Bxe4 fxe4 49. Nc5 Ra3
50. Nxe4+ Kf5 51. Nc5 Bd4 52. Nb7 Rxa4 53. f4 Ra1 54. Nxa5 Rxa5 55. Kf3
Ra3+ 56. Kg2 Kg4 57. Kh2 Ra2+ 58. Kh1 Kxg3 59. f5 Ra1# { White checkmated }
0-1

[Event "ICC tourney 2532 (25 5)"]
[Site "Internet Chess Club"]
[Date "2021.04.24"]
[Round "3"]
[White "CHUNG, CHRISTOPHER:K12-16687538"]
[Black "FRANCO PRASANNA, GRACY:K12-15472188"]
[Result "1-0"]
[ICCResult "Black forfeits on time"]
[WhiteElo "1732"]
[BlackElo "2117"]
[Opening "Giuoco Piano"]
[ECO "C54"]
[NIC "IG.02"]
[Time "15:09:38"]
[PlyCount "75"]
[TimeControl "1500+5"]

1. e4 e5 2. Nf3 Nc6 3. Bc4 Bc5 4. c3 Nf6 5. d4 exd4 6. cxd4 Bb4+ 7. Nbd2 d5
8. exd5 Nxd5 9. O-O O-O 10. a3 Be7 11. Re1 Bf5 12. Ne4 Bg4 13. Be3 Kh8 14.
Rc1 f5 15. Bxd5 Qxd5 16. Nc3 Qd8 17. h3 Bh5 18. Bf4 Bd6 19. Bxd6 cxd6 20.
Qd3 Bxf3 21. Qxf3 Qb6 22. d5 Ne5 23. Qe3 Qa6 24. Red1 f4 25. Qd4 f3 26. g3
Qa5 27. Ne4 Qd8 28. Qb4 Qd7 29. Kh2 Rad8 30. Ng5 Rc8 31. Qd4 Qf5 32. Rxc8
Rxc8 33. Ne6 b6 34. Qd2 h6 35. Rc1 Rxc1 36. Qxc1 Kh7 37. b4 Qh5 38. Qc2+ {
Black forfeits on time } 1-0

[Event "ICC tourney 2532 (25 5)"]
[Site "Internet Chess Club"]
[Date "2021.04.24"]
[Round "3"]
[White "WANG, ANDREW:K12-14159754"]
[Black "H WILLIAMS, JOSHUA:K12-14759594"]
[Result "0-1"]
[ICCResult "White checkmated"]
[WhiteElo "1840"]
[BlackElo "1217"]
[Opening "Sicilian: Grand Prix attack"]
[ECO "B23"]
[NIC "SI.44"]
[Time "15:09:46"]
[PlyCount "150"]
[TimeControl "1500+5"]

1. e4 c5 2. Nc3 Nc6 3. f4 e6 4. Nf3 d5 5. Bb5 Ne7 6. Ne5 Bd7 7. Nxd7 Qxd7
8. d3 g6 9. O-O Bg7 10. Bd2 O-O 11. Bxc6 Qxc6 12. Qf3 Rae8 13. Rab1 Bd4+
14. Kh1 b6 15. e5 Bxc3 16. Bxc3 Qa4 17. b3 Qxa2 18. Qe2 Qa6 19. h4 h5 20.
g4 d4 21. Bd2 Qb7+ 22. Kh2 hxg4 23. Qxg4 Nf5 24. h5 Kg7 25. Rh1 Rh8 26. Kg1
Rh6 27. Kf2 Reh8 28. Rbg1 a5 29. Qg5 Qe7 30. Qg4 Qd8 31. Rg2 Qd5 32. Rgh2
Kf8 33. Qg5 gxh5 34. Rxh5 Qxh1 35. Rxh1 Rxh1 36. Qd8+ Kg7 37. Qf6+ Kg8 38.
Qd8+ Kh7 39. Qxb6 Rg8 40. Qxa5 Rh2+ 41. Kf1 Rxd2 42. Qxd2 Ne3+ 43. Kf2 Rg2+
44. Ke1 Rxd2 45. Kxd2 Kg6 46. c4 Kf5 47. b4 Kxf4 48. b5 Kxe5 49. Ke2 f5 50.
Kf3 Nc2 51. Ke2 Nb4 52. Kd2 f4 53. Ke2 Kf5 54. b6 Nc6 55. Kf3 e5 56. b7 Ke6
57. Ke4 Kd7 58. Kd5 Kc7 59. Kxc5 Kxb7 60. Kd5 f3 61. Kc5 f2 62. Kd5 f1=Q
63. Kd6 Qf3 64. Kc5 Ne7 65. Kd6 Qc6+ 66. Kxe5 Qc5+ 67. Ke6 Kc6 68. Kf6 Qf5+
69. Kg7 Nd5 70. c5 Nc7 71. Kg8 Kd5 72. c6 Ke6 73. Kh8 Qg4 74. Kh7 Kf6 75.
Kh8 Qg7# { White checkmated } 0-1

[Event "ICC tourney 2532 (25 5)"]
[Site "Internet Chess Club"]
[Date "2021.04.24"]
[Round "3"]
[White "KARDAVA, DANIIL:K12-15961344"]
[Black "CYRIL DAVIS, GEOFFREY:K12-14879788"]
[Result "0-1"]
[ICCResult "White resigns"]
[WhiteElo "1226"]
[BlackElo "2082"]
[Opening "Four knights: Ranken variation"]
[ECO "C48"]
[NIC "KP.03"]
[Time "15:10:42"]
[PlyCount "100"]
[TimeControl "1500+5"]

1. e4 e5 2. Nf3 Nf6 3. Nc3 Nc6 4. Bb5 a6 5. Bxc6 dxc6 6. Nxe5 Nxe4 7. Nxe4
Qd4 8. O-O Qxe5 9. Re1 Be6 10. d4 Qf5 11. Ng3 Qd5 12. Re5 Qd7 13. Qe2 O-O-O
14. c3 h5 15. Qd3 h4 16. Nf1 c5 17. d5 Bxd5 18. Ne3 Bc6 19. Qxd7+ Rxd7 20.
Re8+ Rd8 21. Rxd8+ Kxd8 22. h3 Rh5 23. Nc4 b6 24. Bf4 f6 25. Rd1+ Rd5 26.
Ne3 Rxd1+ 27. Nxd1 Bd5 28. a3 Bd6 29. Bxd6 cxd6 30. Ne3 Be6 31. Kf1 Kd7 32.
Ke2 Kc6 33. Nc2 Kb5 34. Ne1 Kc4 35. Kd2 g5 36. f4 Bd5 37. fxg5 fxg5 38. Nf3
Bxf3 39. gxf3 Kb3 40. Ke3 d5 41. f4 gxf4+ 42. Kxf4 d4 43. cxd4 cxd4 44. Ke4
Kc4 45. a4 b5 46. axb5 axb5 47. b3+ Kc3 48. b4 d3 49. Kd5 Kxb4 50. Kd4 d2 {
White resigns } 0-1

[Event "ICC tourney 2532 (25 5)"]
[Site "Internet Chess Club"]
[Date "2021.04.24"]
[Round "3"]
[White "JAIN, SAMYAK:K12-15756642"]
[Black "RAPARTHI, ANKIT:K12-14686010"]
[Result "0-1"]
[ICCResult "White resigns"]
[WhiteElo "1358"]
[BlackElo "2033"]
[Opening "Caro-Kann defense"]
[ECO "B11"]
[NIC "CK.01"]
[Time "15:10:43"]
[PlyCount "122"]
[TimeControl "1500+5"]

1. e4 c6 2. Nc3 d5 3. exd5 cxd5 4. d4 Nc6 5. Nf3 g6 6. Be3 Nf6 7. g3 Bg7 8.
Bg2 O-O 9. O-O Bf5 10. Nh4 Bg4 11. Qd2 Qd7 12. Nf3 Ne4 13. Nxe4 dxe4 14.
Ng5 Nxd4 15. c3 Nf3+ 16. Bxf3 Qxd2 17. Bxd2 exf3 18. h3 Bd7 19. Nxf3 Bxh3
20. Rfe1 Rfe8 21. Bf4 Rad8 22. Rad1 Rxd1 23. Rxd1 Bg4 24. Kg2 e5 25. Re1
Be6 26. Be3 Bd5 27. Rd1 Bc6 28. g4 a6 29. g5 f5 30. gxf6 Bxf6 31. Kg3 Rf8
32. Nd2 h5 33. Nc4 g5 34. Na5 Be4 35. f3 Bf5 36. Rd2 h4+ 37. Kh2 e4 38.
fxe4 Bxe4 39. Nb3 Be5+ 40. Kg1 h3 41. Bxg5 h2+ 42. Rxh2 Bxh2+ 43. Kxh2 Rf2+
44. Kg3 Rxb2 45. Nc5 Bc6 46. a4 a5 47. Bd8 b6 48. Nd3 Rb3 49. Bf6 Bxa4 50.
Kf4 Be8 51. Ke3 a4 52. Kd2 a3 53. Kc2 a2 54. c4 Rb1 55. Nc1 Bg6+ 56. Kd2
a1=Q 57. Bxa1 Rxa1 58. Nb3 Ra3 59. Kc3 Bf7 60. Kb4 Rxb3+ 61. Kxb3 b5 {
White resigns } 0-1

[Event "ICC tourney 2532 (25 5)"]
[Site "Internet Chess Club"]
[Date "2021.04.24"]
[Round "3"]
[White "EDMUND MICHIGAN, JOHNATHAN:K12-16974541"]
[Black "GNANAKUMAR, SATHYA:K12-14762706"]
[Result "0-1"]
[ICCResult "White resigns"]
[WhiteElo "1054"]
[BlackElo "1960"]
[Opening "French: exchange variation"]
[ECO "C01"]
[NIC "FR.01"]
[Time "15:10:07"]
[PlyCount "78"]
[TimeControl "1500+5"]

1. e4 e6 2. d4 d5 3. exd5 exd5 4. Nf3 Nc6 5. Bb5 Bd6 6. O-O Ne7 7. Re1 Bg4
8. Nbd2 Qd7 9. c3 O-O-O 10. b4 Nf5 11. h3 Bxf3 12. Nxf3 f6 13. Be3 g5 14.
a4 h5 15. Qd3 g4 16. Bxc6 bxc6 17. Qa6+ Kb8 18. b5 Qc8 19. Qxc8+ Rxc8 20.
Nd2 cxb5 21. axb5 gxh3 22. gxh3 Rhg8+ 23. Kf1 Rce8 24. Nf3 Nxe3+ 25. fxe3
Rg3 26. Kf2 Rxh3 27. Rh1 Bg3+ 28. Ke2 Rxh1 29. Rxh1 Bf4 30. Rxh5 Rxe3+ 31.
Kf2 Rxc3 32. Rxd5 Rb3 33. Ke2 Kb7 34. Rc5 Re3+ 35. Kf2 Re4 36. Rc6 Be3+ 37.
Kg3 Bxd4 38. Nxd4 Rxd4 39. Rxf6 Rd5 { White resigns } 0-1